 Dungeon Crawl Stone Soup version 0.25.1-2-g60ff931df9 (webtiles) character file.

Game seed: 18260811550143329478

1898 raphialitos the Blocker (level 9, -1/68 HPs)
             Began as a Formicid Fighter on Oct 20, 2020.
             Was a Believer of Trog.
             Killed by divine providence
             ... invoked by an orc priest
              (14 damage)
             ... on level 6 of the Dungeon.
             The game lasted 00:13:56 (7092 turns).

raphialitos the Blocker (Formicid Fighter)          Turns: 7092, Time: 00:13:56

Health: -1/68      AC: 11    Str: 25    XL:     9   Next: 37%
Magic:  9/9        EV:  9    Int:  7    God:    Trog [**....]
Gold:   215        SH: 17    Dex: 10    Spells: 8/8 levels left

rFire    . . .     SeeInvis +   t - +7 club
rCold    + . .     Gourm    .   x - +0 tower shield
rNeg     + . .     Faith    .   D - +1 scale mail {rC+}
rPois    .         Spirit   .   (helmet unavailable)
rElec    .         Reflect  .   A - scarf {harm}
rCorr    .         Harm     +   o - +0 pair of gloves
MR       .....                  v - +0 pair of boots
Stlth    ..........             h - amulet of magic regeneration
HPRegen  0.21/turn              p - ring of positive energy
MPRegen  0.36/turn              (no ring)

@: mighty
A: permanent stasis, dig shafts and tunnels, four strong arms, antennae 3
a: Dig, Shaft Self, Trog's Hand, Renounce Religion


You were on level 6 of the Dungeon.
You worshipped Trog.
Trog was pleased with you.
You were not hungry.

You visited 1 branch of the dungeon, and saw 6 of its levels.

You collected 215 gold pieces.

Inventory:

Hand Weapons
 a - a +0 long sword
 t - a +7 club (weapon)
Missiles
 d - 132 arrows
 i - 3 atropa-tipped darts (quivered)
 j - 10 boomerangs
 m - 25 bolts
 w - 21 sling bullets
Armour
 o - a +0 pair of gloves (worn)
 v - a +0 pair of boots (worn)
 x - a +0 tower shield (worn)
 A - a scarf of harm (worn)
 D - a +1 scale mail of cold resistance (worn)
Jewellery
 h - an amulet of magic regeneration (around neck)
 n - an uncursed amulet of guardian spirit
 p - a ring of positive energy (left hand)
Wands
 s - a wand of acid (9)
Scrolls
 q - a scroll of fog
 r - 4 scrolls of identify
 y - 2 scrolls of remove curse
 z - a scroll of fear
 C - a scroll of magic mapping
Potions
 e - 2 potions of flight
 g - a potion of lignification
 k - a potion of mutation
 l - a potion of curing
Comestibles
 b - 2 chunks of flesh
 f - 13 rations


   Skills:
 + Level 5.2 Fighting
 + Level 4.0 Long Blades
 + Level 5.1 Maces & Flails
 + Level 6.8 Armour
 + Level 2.7 Dodging
 + Level 1.7 Stealth
 + Level 8.1 Shields


You had 8 spell levels left.
You didn't know any spells.
Your spell library contained the following spells:

 Spells                   Type           Power        Failure   Level  Hunger
 Corona                   Hex            #......      99%         1    ##.....
 Ensorcelled Hibernation  Hex/Ice        #.....       100%        2    ###....
 Confusing Touch          Hex            #.......     100%        3    ####...
 Dazzling Flash           Conj/Hex       #.....       100%        3    ####...
 Tukima's Dance           Hex            #.......     100%        3    ####...


Dungeon Overview and Level Annotations

Branches:
Dungeon (6/15)
 Temple: D:4-7

Altars:
Elyvilon
Trog
Uskayaw
Vehumet


Innate Abilities, Weirdness & Mutations

You cannot be hasted, slowed, berserked, paralysed or teleported.
You can dig through walls and to a lower floor.
Your four strong arms can wield two-handed weapons with a shield.
You have a pair of large antennae on your head. (SInv)


Message History

An orc wizard comes into view. It is wielding a +0 dagger.
The leopard gecko barely misses you.
Your shield and scale mail prevent you from hitting the leopard gecko.
The orc wizard shouts!
The orc priest looks braver for a moment.
You block the leopard gecko's attack.
You sock the leopard gecko!
You kill the leopard gecko!
Trog accepts your kill.
The orc priest looks braver for a moment.
The orc wizard miscasts a cantrip.
The jackal bites you but does no damage.
The orc priest mumbles some strange prayers to Beogh against you.
Beogh smites you!
* * * LOW HITPOINT WARNING * * *
You block the jackal's attack.
The orc priest miscasts a cantrip.
The orc priest calls down the wrath of Beogh upon you.
Beogh smites you!
You die...

.....#.#.##.........
#(#.#.#.##..(######
.......##...#####
######.#.#####......#
###
##........#####...##.#
....
..............[...##.#
.o..
######.#######.÷.##.##
♣oo######.# #........
♣ohch.h@.# ###.##.##
♣o######## #.##.# ♣.
#.##.# ♣ #.##.# #.##.#
#.#### #.# #.# #.#


You could see a centaur, 2 orc priests, an orc wizard, an orc and 3 jackals.

Vanquished Creatures
  An orc warrior (D:6)
  An ice beast (D:5)
  A sky beast (D:6)
  A black bear (D:6)
  3 ogres
  2 centaurs (D:5)
  3 bullfrogs
  A scorpion (D:5)
  A howler monkey (D:5)
  A crimson imp (D:5)
  5 orc priests
  A gnoll shaman (D:4)
  2 bullfrog skeletons
  Ijyb (D:4)
  3 orc wizards
  7 worker ants
  A hound zombie (D:5)
  3 gnolls (D:4)
  8 adders
  2 howler monkey skeletons (D:4)
  An ooze (D:5)
  An adder skeleton (D:4)
  2 worms (D:2)
  3 leopard geckos
  18 orcs
  A ball python (D:5)
  6 giant cockroaches
  7 goblins
  12 hobgoblins
  8 jackals
  2 quokkas
  5 bats
  4 frilled lizards
  7 kobolds
  A quokka zombie (D:6)
  8 rats
134 creatures vanquished.

Vanquished Creatures (others)
  Blork the orc (D:6)
1 creature vanquished.

Grand Total: 135 creatures vanquished

Notes
Turn   | Place    | Note
-------+----------+-------------------------------------------
     0 | D:1      | raphialitos the Formicid Fighter began the quest for the
                  | Orb.
     0 | D:1      | Reached XP level 1. HP: 18/18 MP: 1/1
   257 | D:1      | Reached XP level 2. HP: 21/24 MP: 2/2
   586 | D:1      | Reached XP level 3. HP: 29/29 MP: 3/3
   640 | D:1      | Reached skill level 4 in Shields
  1214 | D:2      | Noticed a bullfrog
  1220 | D:2      | Killed a bullfrog
  1220 | D:2      | Reached XP level 4. HP: 31/37 MP: 4/4
  1220 | D:2      | Reached XP level 5. HP: 35/42 MP: 5/5
  1852 | D:2      | Found a radiant altar of Vehumet.
  1925 | D:2      | Reached skill level 5 in Armour
  2325 | D:3      | Found a white marble altar of Elyvilon.
  2601 | D:3      | HP: 1/42 [orc priest (3)]
  2602 | D:3      | Reached XP level 6. HP: 1/48 MP: 6/6
  3368 | D:4      | Found a bloodstained altar of Trog.
  3402 | D:4      | Became a worshipper of Trog the Wrathful
  3690 | D:4      | Reached skill level 1 in Dodging
  3780 | D:4      | Noticed Ijyb
  3900 | D:4      | Killed Ijyb
  3900 | D:4      | Reached skill level 5 in Shields
  4191 | D:4      | Noticed an ogre
  4196 | D:4      | Killed an ogre
  4196 | D:4      | Reached XP level 7. HP: 54/54 MP: 7/7
  4202 | D:4      | Reached skill level 1 in Maces & Flails
  4835 | D:5      | Entered Level 5 of the Dungeon
  5236 | D:5      | Found a hide-covered altar of Uskayaw.
  5317 | D:5      | Reached * piety under Trog
  5317 | D:5      | Reached XP level 8. HP: 29/61 MP: 8/8
  5507 | D:5      | Reached skill level 6 in Shields
  5649 | D:5      | Reached skill level 1 in Stealth
  6161 | D:5      | Reached skill level 7 in Shields
  6439 | D:6      | Noticed Blork the orc
  6457 | D:6      | Reached XP level 9. HP: 15/67 MP: 9/9
  6458 | D:6      | Killed Blork the orc
  6900 | D:6      | Reached ** piety under Trog
  6900 | D:6      | Reached skill level 5 in Fighting
  6963 | D:6      | Reached skill level 8 in Shields
  6967 | D:6      | Reached skill level 5 in Maces & Flails
  7092 | D:6      | Killed from afar by an orc priest

Illustrated notes

Levels and vault maps discovered:
D:1:      mainiacjoe_arrival_reflecting_pool, layout_loops_ring
D:2:      layout_basic, fiery_altar_vehumet, minmay_diced_spiral
D:3:      minmay_wonky_spiral, layout_basic, overflow_temple_1_default,
          minmay_ruptured
D:4:      layout_basic, lemuel_doored_altar, first_ration, uniq_ijyb
D:5:      layout_rooms, eat_drink_and_be_merry_uskayaw
D:6:      layout_basic, chequers_temple_overflow_statue_of_worship,
          minmay_temple_entry_butterflies, nrook_campfire, minmay_manual_mail,
          uniq_prince_ribbit1, uniq_blork_the_orc

Skill      XL: |  1  2  3  4  5  6  7  8  9 |
---------------+----------------------------+-----
Shields        | 4 5 7 8 |  8.1
Armour         | 4 5 6 |  6.8
Long Blades    | 3 4 |  4.0
Dodging        | 1 2 |  2.7
Fighting       | 4 5 |  5.2
Maces & Flails | 3 4 5 |  5.1
Stealth        | 1 |  1.7

Action                   |  1- 3 |  4- 6 |  7- 9 || total
-------------------------+-------+-------+-------++-------
Melee: Long sword        |   114 |   192 |       ||   306
       Club              |       |    11 |   276 ||   287
       Unarmed           |       |     3 |       ||     3
Evoke: Wand              |       |     2 |       ||     2
  Use: Scroll            |       |    10 |     4 ||    14
       Potion            |       |     1 |     4 ||     5
  Eat: Chunk             |     1 |    10 |    10 ||    21
Armor: Scale mail        |    53 |    85 |   102 ||   240
       Skin              |       |     2 |       ||     2
Dodge: Dodged            |    36 |    77 |    74 ||   187
Block: Kite shield       |    65 |   103 |     8 ||   176
       Tower shield      |       |       |   238 ||   238
       Rpst.: Long sword |    12 |    20 |       ||    32
